 Dungeon Crawl Stone Soup version 0.17-a0-1798-g879a7aa (webtiles) character file.

456 luca467 the Slasher (level 6, -3/48 HPs)
             Began as a Demonspawn Gladiator on Sept 10, 2015.
             Killed from afar by Dowan (9 damage)
             ... with a stone arrow
             ... on level 4 of the Dungeon.
             The game lasted 00:12:59 (2740 turns).

luca467 the Slasher (Demonspawn Gladiator)          Turns: 2740, Time: 00:12:59

Health: -3/48      AC:  6    Str: 15      XL:     6   Next: 77%
Magic:  6/6        EV: 14    Int:  9      God:
Gold:   62         SH:  0    Dex: 14 (16) Spells: 0 memorised, 5 levels left

rFire  . . .     SeeInvis .     a - +0 long sword
rCold  . . .     Clarity  .     s - +0 robe
rNeg   . . .     SustAt   .     (no shield)
rPois  .         Gourm    .     c - +0 helmet
rElec  .         Spirit   .     (no cloak)
rCorr  .         Warding  .     (no gloves)
rMut   .         Stasis   .     v - +0 pair of boots
MR     .....                    (no amulet)
Stlth  +.........               (no ring)
                                (no ring)

@: not resistant to hostile enchantments, very unstealthy
A: claws 1, slimy green scales 1, foul stench 1, spiny 1, rot immunity
a: no special abilities


You were on level 4 of the Dungeon.
You were hungry.

You visited 1 branch of the dungeon, and saw 4 of its levels.

You collected 62 gold pieces.

Inventory:

Hand weapons
 a - a +0 long sword (weapon)
Missiles
 d - 3 throwing nets (quivered)
Armour
 b - a +0 leather armour
 c - a +0 helmet (worn)
 r - a +0 robe
 s - a +0 robe (worn)
 v - a +0 pair of boots (worn)
Jewellery
 n - an uncursed amulet of faith {unknown}
 x - an uncursed ring of stealth {unknown}
Magical devices
 o - a wand of flame (20)
Scrolls
 g - 2 scrolls of remove curse {unknown}
 i - 3 scrolls of teleportation {unknown}
 j - 7 scrolls of identify {unknown}
 k - a scroll of recharging {unknown}
 m - 3 scrolls of amnesia {unknown}
 u - a scroll of enchant armour {unknown}
 y - a scroll of fear {unknown}
Potions
 f - 4 potions of curing {unknown}
 h - a potion of degeneration {unknown}
 l - 2 potions of brilliance {unknown}
 q - a potion of haste {unknown}
 t - a potion of magic {unknown}
 w - 2 potions of invisibility {unknown}
Comestibles
 e - 2 bread rations
 p - a meat ration


   Skills:
 + Level 4.0 Fighting
 * Level 5.2 Long Blades
 - Level 1.7 Throwing
 + Level 4.2 Dodging


You had 5 spell levels left.
You didn't know any spells.

Dungeon Overview and Level Annotations

Branches:
Dungeon (4/15)
 Temple: D:4-7

Altars:
Gozag
Kikubaaqudgha

Annotations:
D:4 Dowan, Eustachio


Innate Abilities, Weirdness & Mutations

You have sharp fingernails.
You are partially covered in slimy green scales (AC +2).
You may emit foul miasma when damaged in melee.
You are partially covered in sharp spines.
You are immune to rotting.


Message History

You slash Duvessa!
You kill Duvessa!
Dowan screams, "No!
No!"
Dowan seems to find hidden reserves of power!
Your Fighting skill increases to level 4!
Your Long Blades skill increases to level 5!
You hit the jackal.
The jackal is moderately wounded.
The jackal is struck by your spines. The jackal barely misses you.
The jackal is struck by your spines.
You kill the jackal!
You closely miss the jackal.
The jackal is severely wounded.
The jackal misses you. Dowan is struck by your spines. Dowan misses you.
The jackal closely misses you.
You hit the jackal but do no damage.
The jackal is severely wounded.
Dowan gestures at you while chanting. The stone arrow hits you!
You die...

#..#.. #..#.#
#.##.######
###....#....#
#.....#...#.#
#.###.#...#.#####
#†# #.#...#......
###.#
#.###.#.#####
#h@.# #.......# #
#e### #####.#(# #
.....h55# #.#.#
......l.# #.#.#
......>5# ..#.#
........# #.#.#
........) ###.<
...<..#.. ..
...##.#..


You could see Dowan, an iron imp, 2 ufetubi, 2 jackals and a giant newt.

Vanquished Creatures
  Sigmund (D:3)
  Duvessa (D:4)
  The ghost of luca467 the Insei, a weakling DsMo (D:3)
  Crazy Yiuf (D:4)
  Ijyb (D:2)
  A worker ant (D:4)
  2 adders (D:2)
  An ooze (D:1)
  A giant gecko (D:3)
  4 orcs
  7 goblins
  7 hobgoblins
  4 jackals (D:4)
  3 kobolds
  A quokka (D:2)
  2 bats
  3 giant cockroaches
  4 giant newts
  5 rats
  2 fungi (D:4)
52 creatures vanquished.

Notes
Turn   | Place    | Note
--------------------------------------------------------------
     0 | D:1      | luca467 the Demonspawn Gladiator began the quest for the Orb.
     0 | D:1      | Reached XP level 1. HP: 16/16 MP: 1/1
   206 | D:1      | Gained mutation: You have sharp fingernails. [demonic ancestry]
   206 | D:1      | Reached XP level 2. HP: 22/22 MP: 2/2
   254 | D:1      | Reached skill level 3 in Long Blades
   973 | D:2      | Gained mutation: You are immune to rotting. [demonic ancestry]
   973 | D:2      | Reached XP level 3. HP: 23/28 MP: 3/3
  1198 | D:2      | Noticed Ijyb
  1213 | D:2      | Killed Ijyb
  1213 | D:2      | Gained mutation: You may emit foul miasma when damaged in melee. [demonic ancestry]
  1213 | D:2      | Reached XP level 4. HP: 10/34 MP: 4/4
  1459 | D:2      | Found an ancient bone altar of Kikubaaqudgha.
  1587 | D:3      | Noticed luca467's ghost (weakling DsMo)
  1607 | D:3      | Killed luca467's ghost
  1857 | D:3      | Found an opulent altar of Gozag.
  1881 | D:3      | Noticed Sigmund
  1902 | D:3      | Killed Sigmund
  1902 | D:3      | Reached skill level 4 in Long Blades
  1902 | D:3      | Gained mutation: You are partially covered in slimy green scales (AC +2). [demonic ancestry]
  1902 | D:3      | Reached XP level 5. HP: 23/41 MP: 5/5
  1902 | D:3      | Gained mutation: You are partially covered in sharp spines. [demonic ancestry]
  1902 | D:3      | Reached XP level 6. HP: 26/47 MP: 6/6
  2464 | D:4      | Noticed Crazy Yiuf
  2483 | D:4      | Killed Crazy Yiuf
  2680 | D:4      | Noticed Eustachio
  2681 | D:4      | Noticed Dowan
  2698 | D:4      | Noticed Duvessa
  2737 | D:4      | Killed Duvessa
  2737 | D:4      | Reached skill level 5 in Long Blades
  2740 | D:4      | Killed from afar by Dowan

Vault maps used:
D:1:      sevenhm_arrival_forest_fort_small_6, serial_bayou_pond_a
D:2:      kiku_gazebo_pond_becter, uniq_iyjb
D:3:      nicolae_gozag_seed_capital, first_bread, uniq_sigmund
D:4:      uniq_eustachio, uniq_crazy_yiuf_cottage, uniq_duvessa

Action                   |  1- 3 |  4- 6 || total
-------------------------+-------+-------++-------
Melee: Long sword        |    85 |   113 ||   198
Throw: Throwing net      |     3 |     2 ||     5
 Stab: Held in net/web   |     4 |     2 ||     6
       Sleeping          |     2 |       ||     2
  Eat: Chunk             |     1 |     3 ||     4
       Pizza             |       |     1 ||     1
